 Dungeon Crawl Stone Soup version 0.28.0-53-g5a82cb258f (webtiles) character file.

Game seed: 15519379823879022822

441 bnorton916 the Magician (level 6, 0/32 HPs)
             Began as a Deep Elf Fire Elementalist on Aug 4, 2022.
             Was an Initiate of Gozag.
             Slain by a scorpion (3 damage)
             ... on level 4 of the Dungeon.
             The game lasted 00:04:47 (5199 turns).

bnorton916 the Magician (DEFE)                      Turns: 5199, Time: 00:04:48

Health: 0/32       AC:  8    Str:  5    XL:     6   Next: 71%
Magic:  8/16       EV: 12    Int: 22    God:    Gozag
Gold:   94         SH:  0    Dex: 15    Spells: 6/15 levels left

rFire   . . .      SeeInvis .   i - +4 dagger
rCold   . . .      Faith    .   (no shield)
rNeg    . . .      Spirit   .   a - +0 robe
rPois   .          Reflect  .   j - +0 helmet
rElec   .          Harm     .   p - +0 cloak
rCorr   .          Rampage  .   (no gloves)
Will    .....                   (no boots)
Stlth   ++........              (no amulet)
HPRegen 0.10/turn               g - +4 ring of protection
MPRegen 0.15/turn               (no ring)

@: no status effects
A: no striking features
a: Renounce Religion, Potion Petition, Call Merchant, Bribe Branch


You were on level 4 of the Dungeon.
You worshipped Gozag.
Gozag was noncommittal.
You visited 1 branch of the dungeon, and saw 4 of its levels.

You collected 114 gold pieces.
You paid 20 gold pieces to Gozag.

Inventory:

Hand Weapons
 i - a +4 dagger (weapon)
Missiles
 c - 37 stones
 r - 2 throwing nets
Armour
 a - a +0 robe (worn)
 j - a +0 helmet (worn)
 p - a +0 cloak (worn)
Jewellery
 g - a +4 ring of protection (left hand)
Wands
 s - a wand of iceblast (8)
Scrolls
 b - 2 scrolls of teleportation {unknown}
 d - a scroll of holy word {unknown}
 e - 2 scrolls of identify {unknown}
 k - a scroll of vulnerability {unknown}
 l - a scroll of amnesia {unknown}
 q - a scroll of brand weapon {unknown}
Potions
 f - a potion of curing {unknown}
 h - a potion of degeneration {unknown}
 m - a potion of invisibility {unknown}
 n - a potion of ambrosia {unknown}
 o - a potion of haste {unknown}


   Skills:
 - Level 2.4 Dodging
 - Level 2.4 Stealth
 + Level 5.4 Spellcasting
 + Level 4.0 Conjurations
 + Level 5.1 Fire Magic
 + Level 2.0 Air Magic
 + Level 2.1 Poison Magic


You had 6 spell levels left.
You knew the following spells:

 Your Spells              Type           Power      Damage    Failure   Level
a - Foxfire               Conj/Fire      100%       2x1d9     1%          1
b - Scorch                Fire           56%        2d7       1%          2
c - Conjure Flame         Conj/Fire      26%        6-21      4%          3
d - Mephitic Cloud        Conj/Pois/Air  18%        N/A       10%         3

Your spell library contained the following spells:

 Spells                   Type           Power      Damage    Failure   Level
 Magic Dart               Conj           92%        1d7       1%          1
 Inner Flame              Hex/Fire       17%        N/A       10%         3
 Call Imp                 Summ           6%         N/A       14%         2
 Flame Wave               Conj/Fire      26%        2d7       14%         4


Dungeon Overview and Level Annotations

Branches:
Dungeon (4/15)
 Temple: D:4-7

Altars:
Cheibriados
Gozag
Uskayaw
Xom
Yredelemnul
The Shining One

Shops:
D:3 !


Message History

The gnoll is almost dead.
Casting: Foxfire (safe; 1% risk of failure)
Confirm with . or Enter, or press ? or * to list all spells.
You conjure some foxfire!
The foxfire hits the gnoll but does no damage.
The gnoll is almost dead.
The foxfire hits the gnoll.
You kill the gnoll!
Your Air Magic skill increases to level 2!
Casting: Foxfire (safe; 1% risk of failure)
Confirm with . or Enter, or press ? or * to list all spells.
You conjure some foxfire!
The gnoll hits you from afar with a +0 halberd!
The scorpion stings you but does no damage.
The foxfire hits the scorpion!
The scorpion is moderately wounded.
The foxfire hits the scorpion.
The scorpion is heavily wounded.
The gnoll hits you from afar with a +0 halberd!
The scorpion closely misses you.
Unknown command.
The scorpion misses you.
Casting: Foxfire (safe; 1% risk of failure)
Confirm with . or Enter, or press ? or * to list all spells.
Flames lash the scorpion.
The scorpion is severely wounded.
The scorpion's fire resistance burns away.
The scorpion closely misses you. The scorpion stings you.
The scorpion barely misses you.
Unknown command.
Casting: Scorch (safe; 1% risk of failure)
Confirm with . or Enter, or press ? or * to list all spells.
Flames lash the scorpion.
The scorpion is burned terribly!
The scorpion is almost dead.
The gnoll closely misses you. The scorpion barely misses you.
The gnoll hits you from afar with a +0 halberd!
* * * LOW HITPOINT WARNING * * *
The scorpion stings you.
You die...
Your body crumbles into a pile of gold.

..<..#.... #....
.....#..## .#...# #
####...... .....#### .#
...............##.####.
....... #......$.....
...... #.##..$$.....
..... #g..g......$.
.... #s#####.####.
#.@.....# #.####### #.#
#.# ######### #.#
........# #.# #.##.##.#
#####.#
#.##.##.###.....#
#.##........#####


You could see a scorpion (combustible) and a gnoll.

Vanquished Creatures
  An ogre (D:2)
  An orc priest (D:3)
  Crazy Yiuf (D:2)
  An iguana (D:3)
  Natasha (thrice) (D:2)
  A hound skeleton (D:4)
  4 adders
  7 gnolls
  4 worms
  A dart slug (D:2)
  4 orcs (D:3)
  8 bats
  5 endoplasms
  2 giant cockroaches
  7 goblins
  5 hobgoblins
  8 kobolds
  2 quokkas (D:1)
  3 ball pythons
  5 frilled lizards
  5 rats
78 creatures vanquished.

Vanquished Creatures (others)
  308 foxfires
  2 fungi (D:2)
  6 plants (D:3)
316 creatures vanquished.

Grand Total: 394 creatures vanquished

Notes
Turn   | Place    | Note
-------+----------+-------------------------------------------
     0 | D:1      | bnorton916 the Deep Elf Fire Elementalist began the quest
                  | for the Orb.
     0 | D:1      | Reached XP level 1. HP: 10/10 MP: 6/6
   185 | D:1      | Reached XP level 2. HP: 15/15 MP: 1/8
  1022 | D:2      | Reached XP level 3. HP: 19/19 MP: 6/10
  1389 | D:2      | Noticed Natasha
  1789 | D:2      | Reached XP level 4. HP: 24/24 MP: 9/12
  1972 | D:2      | Killed Natasha
  2116 | D:2      | Noticed Natasha
  2120 | D:2      | Killed Natasha
  2226 | D:2      | Noticed an ogre
  2462 | D:1      | Learned a level 2 spell: Scorch
  2466 | D:1      | Learned a level 3 spell: Conjure Flame
  2470 | D:1      | Learned a level 3 spell: Mephitic Cloud
  2521 | D:2      | Noticed Natasha
  2526 | D:2      | Killed Natasha
  2527 | D:2      | Reached XP level 5. HP: 28/28 MP: 11/14
  2562 | D:2      | Killed an ogre
  2563 | D:2      | Reached skill level 5 in Spellcasting
  2563 | D:2      | Reached skill level 1 in Air Magic
  2563 | D:2      | Reached skill level 1 in Poison Magic
  2832 | D:2      | Found a runed translucent door.
  2833 | D:2      | Noticed Crazy Yiuf
  2850 | D:2      | Killed Crazy Yiuf
  2851 | D:2      | Reached XP level 6. HP: 11/32 MP: 7/15
  3236 | D:3      | Found Ted Qofo's Distillery.
  4241 | D:3      | Found a basalt altar of Yredelemnul.
  4242 | D:3      | Found a snail-covered altar of Cheibriados.
  4242 | D:3      | Found a glowing golden altar of the Shining One.
  4247 | D:3      | Found an opulent altar of Gozag.
  4247 | D:3      | Found a hide-covered altar of Uskayaw.
  4248 | D:3      | Found a shimmering altar of Xom.
  4255 | D:3      | Became a worshipper of Gozag Ym Sagoz the Greedy
  4422 | D:3      | Reached skill level 5 in Fire Magic
  5199 | D:4      | Slain by a scorpion

Illustrated notes

Levels and vault maps discovered:
D:1:      eino_arrival_druids_welcome, layout_rooms, minmay_split_cup_large
D:2:      layout_basic, uniq_crazy_yiuf_cottage, uniq_natasha
D:3:      layout_loops_cross, grunt_temple_overflow_open, serial_shops,
          nicolae_shop_advertising_works [nicolae_subvault_shop_adworks],
          serial_forest, infiniplex_forest_straight_4,
          infiniplex_forest_clump_diagonal, infiniplex_forest_end_double,
          infiniplex_forest_corner_1, infiniplex_forest_straight_3,
          infiniplex_forest_corner_1, infiniplex_forest_lined_corner,
          infiniplex_forest_lined_2, infiniplex_forest_lined_2
D:4:      layout_loops_cross, minmay_temple_entry_trees, serial_shops,
          nicolae_shop_trees, minmay_misc_feat_diagonals, uniq_menkaure,
          uniq_blork_the_orc

Skill      XL: |  1  2  3  4  5  6 |
---------------+-------------------+-----
Conjurations   | 2 3 4 |  4.0
Spellcasting   | 4 5 |  5.4
Fire Magic     | 4 5 |  5.1
Air Magic      | 1 2 |  2.0
Poison Magic   | 1 2 |  2.1
Dodging        | |  2.4
Stealth        | |  2.4

Action                   |  1- 3 |  4- 6 || total
-------------------------+-------+-------++-------
Melee: Dagger            |     2 |     7 ||     9
 Cast: Foxfire           |    99 |    84 ||   183
       Scorch            |       |    19 ||    19
       Mephitic Cloud    |       |     3 ||     3
Armor: Robe              |     2 |     6 ||     8
Dodge: Dodged            |     1 |    19 ||    20
